 Dungeon Crawl Stone Soup version 0.30-a0-358-g0d69a1922f (webtiles) character file.

Game seed: 4656612950391309648

699 koil the Sneak (level 7, -5/52 HPs)
             Began as a Vampire Enchanter on Nov 10, 2022.
             Slain by Eustachio
             ... wielding a +2 falchion of holy wrath
              (6 damage)
             ... on level 4 of the Dungeon.
             The game lasted 00:17:09 (3581 turns).

koil the Sneak (Vampire Enchanter)                  Turns: 3581, Time: 00:17:09

Health: -5/52      AC:  9    Str:  7    XL:     7   Next: 38%
Magic:  6/11       EV: 13    Int: 20    God:
Gold:   182        SH:  0    Dex: 14    Spells: 7/12 levels left

rFire   . . .      SeeInvis +    u - +2 dagger (protect)
rCold   . . .      Faith    .    (no shield)
rNeg    . . .      Spirit   .    b - +0 robe
rPois   .          Reflect  .    (no helmet)
rElec   .          Harm     .    (no cloak)
rCorr   .          Rampage  .    (no gloves)
Will    .....                    (no boots)
Stlth   +++.......               (no amulet)
HPRegen 0.48/turn                (no ring)
MPRegen 0.12/turn                (no ring)

@: under a protective aura, healing quickly
A: alive, fangs 3, see invisible, vampiric 2
a: Exsanguinate


You were on level 4 of the Dungeon.
You visited 1 branch of the dungeon, and saw 4 of its levels.

You collected 182 gold pieces.

Inventory:

Hand Weapons
 a - a +1 dagger
 h - a +0 vampiric hand axe
 l - a +0 dagger of venom
 t - a +0 short sword of venom
 u - a +2 dagger of protection (weapon)
Missiles
 v - 2 throwing nets {!f}
Armour
 b - a +0 robe (worn)
 p - a +0 leather armour
Jewellery
 o - a ring of willpower
Scrolls
 d - 4 scrolls of teleportation {unknown}
 e - 2 scrolls of silence {unknown}
 f - 2 scrolls of enchant weapon {unknown}
 g - 2 scrolls of identify {unknown}
 i - 2 scrolls of blinking {unknown}
 k - a scroll of poison {unknown}
 m - a scroll of amnesia {unknown}
 q - 2 scrolls of enchant armour {unknown}
 w - a scroll of torment {unknown}
Potions
 c - 2 potions of invisibility
 j - 2 potions of curing {unknown}
 n - a potion of flight {unknown}
 r - a potion of lignification {unknown}
 s - 2 potions of heal wounds {unknown}
 x - a potion of cancellation {unknown}


   Skills:
 + Level 3.0 Fighting
 + Level 3.9 Short Blades
 + Level 4.3 Dodging
 + Level 7.1 Stealth
 - Level 3.1 Spellcasting
 - Level 5.9 Hexes


You had 7 spell levels left.
You knew the following spells:

 Your Spells              Type           Power      Damage    Failure   Level
a - Ensorcelled Hibernat  Hex/Ice        28%        N/A       6%          2
b - Confusing Touch       Hex            26%        N/A       3%          3

Your spell library contained the following spells:

 Spells                   Type           Power      Damage    Failure   Level
 Tukima's Dance           Hex            26%        N/A       3%          3
 Dazzling Flash           Conj/Hex       28%        N/A       13%         3
 Portal Projectile        Hex/Tloc       28%        N/A       13%         3
 Freeze                   Ice            12%        1d3       14%         1
 Blink                    Tloc           6%         N/A       22%         2
 Call Canine Familiar     Summ           3%         N/A       38%         3
 Frozen Ramparts          Ice            6%         1d1       38%         3
 Hailstorm                Conj/Ice       3%         3d3       38%         3
 Spider Form              Tmut/Pois      3%         N/A       38%         3
 Anguish                  Hex/Necr       7%         N/A       38%         4
 Leda's Liquefaction      Hex/Erth       7%         N/A       38%         4
 Manifold Assault         Tloc           3%         N/A       80%         4
 Storm Form               Tmut/Air       1%         N/A       100%        7


Dungeon Overview and Level Annotations

Branches:
Dungeon (4/15)
 Temple: D:4-7

Altars:
Cheibriados
Trog
Uskayaw

Annotations:
D:4 Eustachio


Innate Abilities, Weirdness & Mutations

Your natural rate of healing is accelerated.
You have razor-sharp teeth.
You have supernaturally acute eyesight. (SInv)
You are afflicted with vampirism and can become a bat while bloodless.


Message History

You hit Eustachio but do no damage. You bite Eustachio, but do no damage.
Eustachio hits you with a +2 falchion of holy wrath.
You convulse.
You hit Eustachio but do no damage.
Eustachio appears confused.
Eustachio completely misses you.
You catch the helpless Eustachio completely off-guard!
You impale Eustachio!!
Your weapon exudes an aura of protection.
Eustachio is heavily wounded.
Eustachio hits you with a +2 falchion of holy wrath.
You convulse.
Eustachio hits himself with a +2 falchion of holy wrath!
You hit Eustachio but do no damage.
Eustachio is severely wounded.
You hit Eustachio.
Eustachio is severely wounded.
You hit Eustachio.
Eustachio is severely wounded.
Eustachio hits you with a +2 falchion of holy wrath!
You convulse!
Your magical contamination has completely faded away.
You hit Eustachio. You bite Eustachio.
Eustachio is almost dead.
You barely miss Eustachio. You bite Eustachio, but do no damage.
Eustachio is almost dead.
Eustachio hits you with a +2 falchion of holy wrath!
* * * LOW HITPOINT WARNING * * *
You convulse.
* * * LOW HITPOINT WARNING * * *
Eustachio barely misses himself.
You barely miss Eustachio.
Eustachio is almost dead.
You hit Eustachio but do no damage.
Eustachio is almost dead.
You hit Eustachio.
Eustachio is almost dead.
Eustachio hits you with a +2 falchion of holy wrath.
* * * LOW HITPOINT WARNING * * *
You convulse.
You die...

#########
#.......#####...## #.#
#................# #.#
....!...........# #.#
#@..............# #.#
#@...# #.#...# #.#
###.#.## #.##.# #.#
#.....######....####
#.#####.###.............5.
#.......# #.##.##...#####.
#.##.##.###.........# #.
#.##.##.....##.##...# #.
#.##.####.#.##.##...# #.
#.##[# #...........# #5


You could see Eustachio (confused).

Vanquished Creatures
  Grinder (D:4)
  Edmund (D:4)
  An ogre (D:4)
  A scorpion (D:2)
  A jelly (D:2)
  An iguana (D:4)
  Natasha (thrice) (D:3)
  2 adders
  A white imp (D:4)
  4 dart slugs
  2 worms (D:2)
  5 orcs
  3 endoplasms
  4 giant cockroaches
  6 hobgoblins
  7 kobolds
  5 quokkas
  10 ball pythons
  9 bats
  8 frilled lizards
  10 goblins
  4 rats
89 creatures vanquished.

Notes
Turn   | Place    | Note
-------+----------+-------------------------------------------
     0 | D:1      | koil the Vampire Enchanter began the quest for the Orb.
     0 | D:1      | Reached XP level 1. HP: 13/13 MP: 3/3
    91 | D:1      | Reached XP level 2. HP: 19/19 MP: 5/5
    94 | D:1      | Learned a level 2 spell: Ensorcelled Hibernation
   468 | D:1      | Gained mutation: You are afflicted with vampirism and can
                  | become a bat while bloodless. [Vampire growth]
   468 | D:1      | Reached XP level 3. HP: 25/25 MP: 6/6
   905 | D:2      | Found a hide-covered altar of Uskayaw.
  1059 | D:2      | Noticed a scorpion
  1067 | D:2      | HP: 5/25 [poisoned by an adder]
  1068 | D:2      | Reached skill level 1 in Fighting
  1068 | D:2      | Reached skill level 5 in Stealth
  1069 | D:2      | Killed a scorpion
  1070 | D:2      | Reached skill level 5 in Hexes
  1070 | D:2      | Reached XP level 4. HP: 6/32 MP: 2/7
  1072 | D:2      | HP: 4/32 [poisoned by an adder]
  1452 | D:2      | Learned a level 3 spell: Confusing Touch
  1551 | D:2      | Reached XP level 5. HP: 37/37 MP: 8/8
  2125 | D:3      | Noticed Natasha
  2130 | D:3      | Killed Natasha
  2285 | D:3      | Noticed Natasha
  2305 | D:3      | Killed Natasha
  2332 | D:3      | Found a snail-covered altar of Cheibriados.
  2465 | D:3      | Noticed Natasha
  2483 | D:3      | Killed Natasha
  2484 | D:3      | Reached XP level 6. HP: 44/44 MP: 7/10
  2523 | D:3      | Found a bloodstained altar of Trog.
  2797 | D:4      | Noticed Edmund
  2813 | D:4      | Killed Edmund
  2814 | D:4      | Reached skill level 6 in Stealth
  2989 | D:4      | Noticed Grinder
  2990 | D:4      | Noticed Eustachio
  3161 | D:4      | Killed Grinder
  3162 | D:4      | Reached XP level 7. HP: 27/51 MP: 8/11
  3268 | D:4      | HP: 7/51 [ogre/+0 giant spiked club (26)]
  3284 | D:4      | Reached skill level 7 in Stealth
  3578 | D:4      | HP: 9/52 [Eustachio/+2 falchion of holy wrath (10)]
  3578 | D:4      | HP: 4/52 [Eustachio/+2 falchion of holy wrath (5)]
  3581 | D:4      | HP: 1/52 [Eustachio/+2 falchion of holy wrath (4)]
  3581 | D:4      | Slain by Eustachio

Illustrated notes

Levels and vault maps discovered:
D:1:      wheals_arrival_shading, layout_basic, minivault_24
D:2:      layout_loops_ring, basic_altar, minmay_cupped
D:3:      layout_basic, kennysheep_slug_shrine, lemuel_crystal_altar,
          due_unseen_surprise, uniq_natasha
D:4:      layout_loops_ring, hangedman_minor_gate_pass, uniq_edmund,
          uniq_eustachio, uniq_grinder, uniq_duvessa

Skill      XL: |  1  2  3  4  5  6  7 |
---------------+----------------------+-----
Fighting       | 1 2 3 |  3.0
Stealth        | 5 6 7 |  7.1
Short Blades   | 2 3 |  3.9
Hexes          | 5 |  5.9
Dodging        | 3 4 |  4.3
Spellcasting   | 3 |  3.1

Action                   |  1- 3 |  4- 6 |  7- 9 || total
-------------------------+-------+-------+-------++-------
Melee: Dagger            |    94 |   131 |    38 ||   263
       Bite              |     9 |    10 |    11 ||    30
       Punch             |     1 |       |     1 ||     2
 Cast: Ensorcelled Hiber |     2 |    16 |     9 ||    27
       Confusing Touch   |       |     3 |     2 ||     5
 Stab: Sleeping          |    14 |    27 |     2 ||    43
       Confused          |       |     3 |     2 ||     5
Armor: Robe              |    21 |    18 |     8 ||    47
Dodge: Dodged            |    61 |    37 |    27 ||   125

Table legend: (Time is in decaauts)
 A = Elapsed time spent in this place.
 B = Non-inter-level travel time spent in this place.
 C = Inter-level travel time spent in this place.
 D = Time resting spent in this place.
 E = Time spent auto-exploring this place.
 F = Levels seen in this place.
 G = Mean time per level.
                   A        B        C        D        E       F      G
               +--------+--------+--------+--------+--------+-----+--------+
         Total |   3552 |   3425 |    127 |    360 |   2173 |   4 |  888.0 |
       Dungeon |   3552 |   3425 |    127 |    360 |   2173 |   4 |  888.0 |
               +--------+--------+--------+--------+--------+-----+--------+

Top non-repeatable levels by time:
     D:3: 1056 daAuts
     D:2: 883 daAuts
     D:1: 878 daAuts
     D:4: 734 daAuts
